 Dungeon Crawl Stone Soup version 0.14.0-12-g87ee3b7 (webtiles) character file.

918 4tharraofdagon the Chopper (level 7, -5/61 HPs)
             Began as a Minotaur Gladiator on Apr 16, 2014.
             Was a Believer of Dithmenos.
             Slain by a decayed bog body (15 damage)
             ... in an ossuary.
             The game lasted 00:09:24 (1380 turns).

4tharraofdagon the Chopper (Minotaur Gladiator)     Turns: 1380, Time: 00:09:24

HP  -5/61        AC 10     Str 20      XL: 7   Next: 61%
MP   5/5         EV 10     Int  7      God: Dithmenos [**....]
Gold 106         SH  0     Dex 10      Spells:  0 memorised,  6 levels left

rFire  . . .     SeeInvis +     n - +0,-2 battleaxe (curse)
rCold  . . .     Clarity  .     t - +0 chain mail
rNeg   + . .     Conserve .     (no shield)
rPois  .         rCorr    .     c - +0 hat
rElec  .         rRot     .     (no cloak)
SustAb . .       Spirit   .     r - +0 pair of gloves
rMut   .         Warding  .     (no boots)
Saprov . . .     Stasis   .     (no amulet)
MR     .....                    p - ring of Shadows {Umbra +Inv rN+ SInv}
                                j - +3 ring of evasion

@: wreathed by umbra, not resistant to hostile enchantments, extremely
unstealthy
A: retaliatory headbutt, horns 2
a: Shadow Step, Renounce Religion, Evoke Invisibility


You were in an ossuary.
You worshipped Dithmenos.
Dithmenos was pleased with you.
You were hungry.

You visited 1 branch of the dungeon, and saw 6 of its levels.
You also visited: Ossuary.

You collected 106 gold pieces.

Inventory:

Hand weapons
 a - a +0,+0 war axe
 n - a cursed +0,-2 battleaxe (weapon)
Missiles
 k - 7 stones (quivered)
Armour
 b - a +0 leather armour
 c - a +0 hat (worn)
 h - a +0 scale mail
 r - a +0 pair of gloves (worn)
 t - a +0 chain mail (worn)
Comestibles
 f - 2 bread rations
 g - 2 meat rations
Scrolls
 d - a scroll of acquirement {unknown}
 i - a scroll of blinking
 l - 3 scrolls of identify
 q - a scroll of magic mapping
 s - a scroll of teleportation {unknown}
 u - a scroll of remove curse {unknown}
Jewellery
 j - a +3 ring of evasion (left hand)
 o - an uncursed ring of poison resistance
 p - the ring of Shadows (right hand) {Umbra +Inv rN+ SInv}
   (You found it on level 4 of the Dungeon)

   [ring of invisibility]

   It protects you from negative energy.
   It enhances your eyesight.
Potions
 e - a potion of haste
 w - 2 potions of curing
Magical staves
 m - a cursed staff of energy


   Skills:
 + Level 5.1 Fighting
 * Level 7.8 Axes
 - Level 2.0 Throwing
 + Level 3.6 Armour
 - Level 3.2 Dodging
 + Level 2.4 Invocations
 + Level 2.2 Evocations


You had 6 spell levels left.
You didn't know any spells.

Dungeon Overview and Level Annotations

Branches:
Dungeon (6/15)
 Temple: D:4-7

Altars:
Dithmenos
Makhleb

Annotations:
D:5 inmateoo's ghost, experienced HuHu


Innate Abilities, Weirdness & Mutations

You reflexively headbutt those who attack you in melee.
You have a pair of horns on your head.


Message History

The decayed bog body closely misses you.
The decayed bog body barely misses you.
You barely miss the decayed bog body.
The decayed bog body is almost destroyed.
The decayed bog body barely misses you. The decayed bog body misses you.
Unknown command.
You closely miss the decayed bog body.
The decayed bog body is almost destroyed.
The decayed bog body begins to rapidly decay!
The decayed bog body hits you!
* * * LOW HITPOINT WARNING * * *
The decayed bog body touches you but does no damage.
Your magical contamination has completely faded away.
Unknown command.
You hit the decayed bog body.
The decayed bog body is almost destroyed.
The decayed bog body's decay slows.
The decayed bog body begins to rapidly decay!
The decayed bog body hits you!
You die...

## '
#####.###
#...#.'.#
#.∩.nz#
#∩.@#
#####


You could see a decayed bog body (rotting) and a worker ant zombie.

Vanquished Creatures
  A phantom (D:5)
  An ogre (D:4)
  A centaur (D:5)
  A giant frog (D:5)
  2 scorpions
  3 wights (D:6)
  2 hounds
  An orc priest (D:6)
  An orc wizard (D:6)
  An iguana (D:4)
  Ijyb (D:3)
  An ogre zombie (D:6)
  A mummy (Ossuary)
  4 adders
  A giant mite (D:3)
  A worm (D:4)
  An ooze (D:5)
  7 orcs
  2 hobgoblins (D:3)
  6 jackals
  4 kobolds
  2 ball pythons
  4 bats
  4 giant cockroaches
  6 goblins
  4 rats
63 creatures vanquished.

Vanquished Creatures (others)
  A plant (Ossuary)
1 creature vanquished.

Grand Total: 64 creatures vanquished

Notes
Turn   | Place    | Note
--------------------------------------------------------------
     0 | D:1      | 4tharraofdagon, the Minotaur Gladiator, began the quest for the Orb.
     0 | D:1      | Reached XP level 1. HP: 18/18 MP: 1/1
   137 | D:2      | Found a shadowy altar of Dithmenos.
   142 | D:2      | Reached skill level 4 in Axes
   144 | D:2      | Became a worshipper of Dithmenos the Shadowed
   160 | D:2      | Reached XP level 2. HP: 8/25 MP: 1/1
   281 | D:3      | Noticed Ijyb
   285 | D:3      | Reached XP level 3. HP: 10/31 MP: 2/2
   296 | D:3      | Killed Ijyb
   296 | D:3      | Reached skill level 5 in Axes
   419 | D:4      | Reached skill level 1 in Armour
   419 | D:4      | Reached XP level 4. HP: 8/38 MP: 2/2
   441 | D:4      | Noticed an ogre
   457 | D:4      | Killed an ogre
   457 | D:4      | Reached skill level 6 in Axes
   457 | D:4      | Reached XP level 5. HP: 25/46 MP: 2/2
   551 | D:5      | Entered Level 5 of the Dungeon
   603 | D:5      | Noticed a centaur
   693 | D:4      | Found a burning altar of Makhleb.
   794 | D:5      | Noticed a phantom
   796 | D:5      | Reached XP level 6. HP: 49/52 MP: 3/3
   826 | D:5      | Killed a phantom
   826 | D:5      | Reached skill level 1 in Invocations
   826 | D:5      | Reached skill level 1 in Evocations
   856 | D:5      | Noticed inmateoo's ghost (experienced HuHu)
   866 | D:5      | Reached skill level 7 in Axes
   989 | D:5      | Killed a centaur
   989 | D:5      | Reached XP level 7. HP: 13/60 MP: 3/4
  1194 | D:6      | Reached skill level 5 in Fighting
  1198 | D:6      | Acquired Dithmenos' first power
  1240 | D:6      | Found a sand-covered staircase.
  1245 | Ossuary  | Entered an ossuary
  1380 | Ossuary  | Slain by a decayed bog body

Action                   |  1- 3 |  4- 6 |  7- 9 || total
-------------------------+-------+-------+-------++-------
Melee: War axe           |    50 |    63 |     5 ||   118
       Battleaxe         |       |       |    42 ||    42
Throw: Throwing net      |     4 |     2 |       ||     6
 Abil: Evoke Invisibilit |       |     3 |     2 ||     5
       Turn Visible      |       |     1 |     1 ||     2
  Use: Potion            |     2 |     1 |       ||     3
       Scroll            |       |       |     5 ||     5
 Stab: Held in net/web   |     1 |     1 |       ||     2
       Invisible         |       |     2 |     2 ||     4
